 Dungeon Crawl Stone Soup version 0.19.5 (webtiles) character file.

42 Azzok the Shooter (level 3, -9/29 HPs)
             Began as a Centaur Hunter on June 22, 2017.
             Was an Initiate of Okawaru.
             Killed by nerve-wracking pain
             ... invoked by Jessica
              (13 damage)
             ... on level 2 of the Dungeon.
             The game lasted 00:02:23 (1799 turns).

Azzok the Shooter (Centaur Hunter)                  Turns: 1799, Time: 00:02:23

Health: -9/29      AC:  7    Str: 15    XL:     3   Next: 33%
Magic:  3/3        EV:  7    Int: 10    God:    Okawaru [......]
Gold:   87         SH:  0    Dex:  9    Spells: 0 memorised, 2 levels left

rFire  . . .     SeeInvis .     b - +0 short sword
rCold  . . .     Gourm    .     u - +0 scale mail
rNeg   . . .     Faith    .     (no shield)
rPois  .         Spirit   .     e - +0 hat
rElec  .         Reflect  .     (no cloak)
rCorr  .         Harm     .     t - +0 pair of gloves
MR     .....                    (no barding)
Stlth  ..........               (no amulet)
                                (no ring)
                                (no ring)

@: very quick
A: hooves 3, deformed body, speed 2, tough skin 3
a: Renounce Religion


You were on level 2 of the Dungeon.
You worshipped Okawaru.
Okawaru was noncommittal.
You were near starving.

You visited 1 branch of the dungeon, and saw 2 of its levels.

You collected 87 gold pieces.

Inventory:

Hand Weapons
 a - a +1 shortbow
 b - a +0 short sword (weapon)
Missiles
 d - 20 arrows
Armour
 e - a +0 hat (worn)
 t - a +0 pair of gloves (worn)
 u - a +0 scale mail (worn)
Scrolls
 n - a scroll of fear {unknown}
 o - 2 scrolls of identify {unknown}
 r - a scroll of teleportation {unknown}
Potions
 c - a potion of brilliance {unknown}
 i - 2 potions of heal wounds {unknown}
 j - a potion of curing {unknown}
 l - a potion of flight {unknown}
 m - a potion of mutation {unknown}
 p - a potion of haste {unknown}
 q - a potion of cure mutation {unknown}
Comestibles
 f - 2 bread rations {@e1}
 g - a slice of pizza
 h - a beef jerky
 k - 3 meat rations {@e2}
 s - a royal jelly


   Skills:
 - Level 2.0 Fighting
 + Level 6.8 Bows
 - Level 1.3 Dodging
 - Level 0.4 Stealth


You had 2 spell levels left.
You didn't know any spells.

Dungeon Overview and Level Annotations

Branches:
Dungeon (2/15)

Altars:
Okawaru

Annotations:
D:2 Jessica


Innate Abilities, Weirdness & Mutations

You have hooves in place of feet.
Armour fits poorly on your strangely shaped body.
You cover ground very quickly.
You have extremely tough skin. (AC +3)


Message History

Jessica blinks!
You take 1 damage, and have 12/29 hp.
You hit the rat.
You kill the rat!
Okawaru accepts your kill. Jessica barely misses you.
You see here a jackal corpse.
You closely miss Jessica. You kick Jessica, but do no damage.
Jessica is almost dead.
Jessica casts a spell.
Jessica blinks!
You see here a jackal corpse.
You closely miss Jessica.
Jessica is almost dead.
Jessica points at you and mumbles some strange words.
Pain shoots through your body!
* * * LOW HITPOINT WARNING * * *
Jessica gestures at you while chanting. Pain shoots through your body!
You die...

▒··············
▒········▒▒▒▒▒▒▒
▒········▒▒
▒·········▒
▒·········▒
▒·········▒ ▒
▒▒▒▒▒▒▒▒▒·▒
····▒▒▒▒▒▒▒▒▒·▒
········@·····▒
▒▒▒····@▒▒▒▒▒·▒
········· ▒·▒
▒▒··<···▒▒ ▒·▒
▒▒·····▒ ▒·▒
╬·····▒ ▒·▒
▒·····▒ ▒·▒
······· >▒


You could see Jessica.

Vanquished Creatures
  An ooze (D:2)
  A worm (D:2)
  2 dart slugs (D:1)
  3 bats
  3 giant cockroaches (D:1)
  5 goblins (D:1)
  A hobgoblin (D:1)
  2 jackals (D:2)
  2 kobolds (D:1)
  2 quokkas (D:2)
  3 frilled lizards (D:1)
  4 rats
29 creatures vanquished.

Notes
Turn   | Place    | Note
-------+----------+-------------------------------------------
     0 | D:1      | Azzok the Centaur Hunter began the quest for the Orb.
     0 | D:1      | Reached XP level 1. HP: 17/17 MP: 1/1
   322 | D:1      | Reached XP level 2. HP: 24/24 MP: 2/2
   456 | D:1      | Reached skill level 6 in Bows
  1431 | D:2      | Found an iron altar of Okawaru.
  1433 | D:2      | Reached XP level 3. HP: 29/29 MP: 3/3
  1452 | D:2      | Became a worshipper of Warmaster Okawaru
  1775 | D:2      | Noticed Jessica
  1799 | D:2      | Killed from afar by Jessica

Skill      XL: |  1  2 |
---------------+-------+-----
Bows           | 6 |  6.8
Fighting       | |  2.0
Dodging        | |  1.3
Stealth        | |  0.4

Action                   || total
-------------------------++-------
Melee: Short sword       ||   133
       Kick              ||    28
Armor: Leather armour    ||    33
       Scale mail        ||    11
Dodge: Dodged            ||    62
